 Dungeon Crawl Stone Soup version 0.23.0 (webtiles) character file.

Game seed: 10097891958039842240

14512 Lanoc the Carver (level 11, -1/91 HPs)
             Began as a Demonspawn Monk on Feb 11, 2019.
             Was the Champion of Dithmenos.
             Slain by an orc knight
             ... wielding a +0 battleaxe
              (14 damage)
             ... on level 12 of the Dungeon.
             The game lasted 00:25:09 (11671 turns).

Lanoc the Carver (Demonspawn Monk)                 Turns: 11671, Time: 00:25:09

Health: -1/91      AC: 13    Str: 15    XL:     11   Next: 89%
Magic:  16/16      EV: 11    Int: 16    God:    Dithmenos [******]
Gold:   639        SH:  0    Dex: 16    Spells: 10/10 levels left

rFire    . . .     SeeInvis .   A - +9 quarterstaff "Sonte" {pain, rPois Int+2}
rCold    + . .     Gourm    .   (shield currently unavailable)
rNeg     . . .     Faith    .   o - +0 chain mail
rPois    +         Spirit   .   h - +0 hat {Int+3}
rElec    .         Reflect  .   f - +0 cloak
rCorr    .         Harm     .   (no gloves)
MR       .....                  (no boots)
Stlth    ..........             (no amulet)
HPRegen  0.25/turn              G - ring of protection from cold
MPRegen  0.15/turn              (no ring)

@: wreathed by umbra
A: claws 1, rugged brown scales 1, demonic guardian 2, spiny 3
a: Shadow Step, Shadow Form, Renounce Religion


You were on level 12 of the Dungeon.
You worshipped Dithmenos.
Dithmenos was exalted by your worship.
You were not hungry.

You visited 2 branches of the dungeon, and saw 13 of its levels.

You collected 720 gold pieces.
You spent 81 gold pieces at shops.

Inventory:

Hand Weapons
 j - the cursed +1 rapier "Nites" {flame, *Noise rPois Int+4 Stlth+, unknown}
   (You found it on level 11 of the Dungeon)

   It has been specially enchanted to burn those struck by it, causing extra
   injury to most foes and up to half again as much damage against particularly
   susceptible opponents.
   It affects your intelligence (+4).
   It protects you from poison.
   It may make noises in combat.
   It makes you more stealthy.
   It has a curse placed upon it.
 s - a +0 long sword
 A - the +9 quarterstaff "Sonte" (weapon) {pain, rPois Int+2}
   (You found it on level 9 of the Dungeon)

   In the hands of one skilled in necromantic magic, it inflicts extra damage on
   living creatures.
   It affects your intelligence (+2).
   It protects you from poison.
 F - the +4 war axe of Disgust {vamp, Int+2, unknown}
   (You found it on level 9 of the Dungeon)

   It inflicts no extra harm, but heals its wielder when it wounds a living foe.
   It affects your intelligence (+2).
 I - a cursed +2 long sword
Armour
 f - a +0 cloak (worn)
 h - a +0 hat of intelligence (worn)
 o - a +0 chain mail (worn)
Jewellery
 E - an uncursed ring of flight
 G - a ring of protection from cold (left claw)
Wands
 b - a wand of digging (6)
 n - a wand of acid (8)
 x - a wand of iceblast (24)
 y - a wand of clouds (4)
 C - a wand of flame (43)
Scrolls
 a - 3 scrolls of fear {unknown}
 d - 2 scrolls of amnesia {unknown}
 e - 3 scrolls of magic mapping {unknown}
 g - a scroll of enchant armour
 l - 5 scrolls of teleportation
 u - 3 scrolls of remove curse
 B - a scroll of summoning
 H - a scroll of silence {unknown}
Potions
 i - 6 potions of curing
 k - 3 potions of flight
 m - a potion of berserk rage
 p - a potion of cancellation
 q - 2 potions of haste
 r - a potion of magic
 t - 3 potions of mutation
 v - 3 potions of brilliance
 w - a potion of might
 z - a potion of heal wounds
 D - 2 potions of ambrosia
Comestibles
 c - 23 rations
 J - 12 chunks of flesh


   Skills:
 + Level 9.6 Fighting
 * Level 9.8 Long Blades
 + Level 8.3 Armour
 + Level 8.9 Dodging
 - Level 1.7 Stealth
 + Level 6.8 Invocations


You had 10 spell levels left.
You didn't know any spells.
Your spell library was empty.

Dungeon Overview and Level Annotations

Branches:
Dungeon (12/15)            Temple (1/1) D:6            Lair (0/6) D:8
    Orc (0/2) D:9

Altars:
Ashenzari
Cheibriados
Dithmenos
Elyvilon
Fedhas
Gozag
Kikubaaqudgha
Makhleb
Nemelex Xobeh
Okawaru
Qazlal
Ru
Sif Muna
Trog
Uskayaw
Vehumet
Wu Jian
Xom
Yredelemnul
Zin
The Shining One

Shops:
D:4 !   D:5 *   D:11 }

Portals:
Ice
Cave: D:12

Annotations:
D:8 1 runed translucent door, coffee's ghost, novice SpAK


Innate Abilities, Weirdness & Mutations

You have sharp fingernails.
You are partially covered in rugged brown scales. (AC +1, +3% HP)
A demonic guardian rushes to your aid.
You are completely covered in sharp spines.


Message History

Your orange demon hits the orc knight but does no damage.
You see here an adder corpse.
The bullfrog barely misses your orange demon.
Your orange demon stings the orc knight but does no damage.
Your orange demon hits the orc knight.
The bullfrog hits your orange demon.
You hit the orc knight but do no damage.
The orc knight is heavily wounded.
The bullfrog barely misses your orange demon.
The orc knight hits you with a +0 battleaxe!
* * * LOW HITPOINT WARNING * * *
The orc knight hits your orange demon with a +0 battleaxe!!
Your orange demon stings the orc knight!
Your orange demon hits the orc knight but does no damage.
The bullfrog hits your orange demon!
You hit the orc knight but do no damage.
The orc knight is severely wounded.
Your shadow hits the orc knight but does no damage.
The orc knight barely misses your orange demon.
The orc knight hits you with a +0 battleaxe!
You die...

#......).# ##..............
#...<..).###...............
##.......##................
##....)...................
##..[)..........)........
###)).∩.................
.............#.....)...$...
............#....†../.....#
..........#.....@o4F.......
..........#.............#..
.>........##........##..#
..........##.....#### ..#
..........##..#### ..# ....
##.# ... #.. ).8


You could see an orc knight, a bullfrog and a friendly orange demon.

Vanquished Creatures
  A two-headed ogre (D:9)
  A centaur zombie (D:8)
  A centaur skeleton (D:10)
  A gargoyle (D:9)
  A hornet (D:10)
  A slime creature (D:11)
  A hippogriff (D:8)
  2 yaks
  4 wyverns
  2 hungry ghosts
  Eustachio (D:5)
  A soldier ant (D:12)
  5 water moccasins
  An ice beast (D:12)
  A black bear (D:7)
  4 phantoms
  2 sky beasts
  A crocodile (D:10)
  A centaur (D:8)
  8 ogres
  3 big kobolds
  7 bullfrogs
  A water moccasin zombie (D:11)
  A wyvern skeleton (D:9)
  3 scorpions
  3 killer bees (D:10)
  7 howler monkeys
  4 wights
  4 crimson imps
  A bullfrog zombie (D:11)
  3 jellies
  11 hounds
  An orc wizard (D:10)
  8 orc priests
  2 bullfrog skeletons
  A gnoll shaman (D:8)
  2 iguanas
  Natasha (twice) (D:3)
  10 worker ants
  3 ogre zombies (D:9)
  2 hound zombies
  A hound skeleton (D:8)
  A mummy (D:8)
  3 worker ant zombies
  5 gnolls
  10 adders
  A shadow imp (D:5)
  8 white imps (D:12)
  3 oozes
  A worm (D:4)
  4 adder skeletons
  An adder zombie (D:6)
  4 leopard geckos
  22 orcs
  7 bats
  6 giant cockroaches
  5 goblins
  6 hobgoblins
  18 jackals
  13 kobolds
  10 quokkas
  13 frilled lizards
  4 goblin zombies (D:9)
  A jackal zombie (D:6)
  2 leopard gecko skeletons
  An orc skeleton (D:9)
  8 orc zombies (D:9)
  7 rats
284 creatures vanquished.

Vanquished Creatures (collateral kills)
  2 two-headed ogres
  6 death yaks (D:8)
  2 ugly things (D:11)
  2 slime creatures (D:11)
  Sigmund (D:3)
  A basilisk (D:7)
  10 yaks
  2 hungry ghosts
  Menkaure (D:5)
  A water moccasin (D:7)
  An ice beast (D:6)
  2 orc warriors
  2 sky beasts
  2 centaurs
  5 ogres
  A big kobold (D:9)
  2 bullfrogs
  A troll zombie (D:9)
  4 wights
  2 howler monkeys (D:5)
  A crimson imp (D:7)
  A bullfrog zombie (D:9)
  2 jellies
  3 orc priests
  3 orc wizards
  Jessica (D:3)
  Natasha (D:3)
  3 worker ants
  2 ogre zombies (D:9)
  A hound skeleton (D:11)
  2 gnolls (D:5)
  An adder (D:3)
  4 white imps (D:12)
  9 orcs
  2 jackals
  2 kobolds
  A hobgoblin skeleton (D:9)
  4 orc zombies (D:9)
93 creatures vanquished.

Grand Total: 377 creatures vanquished

Notes
Turn   | Place    | Note
-------+----------+-------------------------------------------
     0 | D:1      | Lanoc the Demonspawn Monk began the quest for the Orb.
     0 | D:1      | Reached XP level 1. HP: 18/18 MP: 1/1
   482 | D:1      | Gained mutation: A weak demonic guardian rushes to your
                  | aid. [demonic ancestry]
   482 | D:1      | Reached XP level 2. HP: 24/24 MP: 2/2
   767 | D:1      | Reached skill level 1 in Armour
  1107 | D:2      | Reached XP level 3. HP: 29/29 MP: 3/3
  1137 | D:2      | Found a glowing golden altar of the Shining One.
  1794 | D:2      | Found a sacrificial altar of Ru.
  1936 | D:3      | Found an iron altar of Okawaru.
  1946 | D:3      | Reached XP level 4. HP: 29/37 MP: 4/4
  1956 | D:3      | Noticed Jessica
  2185 | D:3      | Noticed Sigmund
  2335 | D:3      | Noticed Natasha
  2343 | D:3      | Killed Natasha
  2614 | D:3      | Noticed Natasha
  2629 | D:3      | Killed Natasha
  2954 | D:3      | Killed Jessica
  2954 | D:3      | Gained mutation: You are partially covered in sharp spines.
                  | [demonic ancestry]
  2954 | D:3      | Reached XP level 5. HP: 17/42 MP: 5/5
  3114 | D:3      | Killed Sigmund
  3114 | D:3      | Gained mutation: You are partially covered in rugged brown
                  | scales. (AC +1, +3% HP) [demonic ancestry]
  3114 | D:3      | Reached XP level 6. HP: 31/50 MP: 6/6
  3343 | D:3      | Noticed Natasha
  3353 | D:3      | Killed Natasha
  3432 | D:4      | Found Temmugic's Distillery.
  3449 | D:4      | Bought a potion of curing for 42 gold pieces
  3711 | D:4      | Reached skill level 5 in Fighting
  3761 | D:4      | Found a deep blue altar of Sif Muna.
  4014 | D:4      | Gained mutation: A demonic guardian rushes to your aid.
                  | [demonic ancestry]
  4014 | D:4      | Reached XP level 7. HP: 57/57 MP: 7/7
  4219 | D:5      | Entered Level 5 of the Dungeon
  4309 | D:5      | Reached skill level 5 in Dodging
  4335 | D:5      | Found Woatwaat's Assorted Antiques.
  4345 | D:5      | Bought a fizzy green potion for 18 gold pieces
  4345 | D:5      | Bought a scroll labeled GOBRETS FEONO for 21 gold pieces
  4575 | D:5      | Gained mutation: You are mostly covered in sharp spines.
                  | [demonic ancestry]
  4575 | D:5      | Reached XP level 8. HP: 32/65 MP: 8/8
  4784 | D:5      | Noticed Eustachio
  4793 | D:5      | Killed Eustachio
  5043 | D:5      | Found an ancient bone altar of Kikubaaqudgha.
  5050 | D:5      | Noticed Menkaure
  5056 | D:5      | Killed Menkaure
  5525 | D:6      | Reached skill level 5 in Armour
  5619 | D:6      | Found a staircase to the Ecumenical Temple.
  5636 | Temple   | Entered the Ecumenical Temple
  5689 | Temple   | Became a worshipper of Dithmenos the Shadowed
  5689 | Temple   | Reached * piety under Dithmenos
  5689 | Temple   | Reached ** piety under Dithmenos
  5934 | D:6      | Gained mutation: You have sharp fingernails. [demonic
                  | ancestry]
  5934 | D:6      | Reached XP level 9. HP: 66/73 MP: 9/9
  6060 | D:6      | Reached skill level 5 in Long Blades
  6754 | D:7      | You fall through a shaft for 3 floors!
  6754 | D:10     | Entered Level 10 of the Dungeon
  6807 | D:8      | Reached *** piety under Dithmenos
  6816 | D:7      | Found a burning altar of Makhleb.
  6816 | D:7      | Noticed a cacodemon
  7337 | D:8      | Reached XP level 10. HP: 59/82 MP: 10/10
  7680 | D:8      | Found a shadowy altar of Dithmenos.
  7748 | D:8      | Noticed a death yak
  7749 | D:8      | Noticed a death yak
  7750 | D:8      | Noticed a death yak
  7750 | D:8      | Noticed a death yak
  7750 | D:8      | Noticed a death yak
  7765 | D:8      | Killed a death yak
  7765 | D:8      | Reached skill level 1 in Invocations
  7776 | D:8      | Noticed a death yak
  8204 | D:8      | Found a snail-covered altar of Cheibriados.
  8414 | D:8      | Found a shimmering altar of Xom.
  8414 | D:8      | Noticed coffee's ghost (novice SpAK)
  8415 | D:8      | Found a runed translucent door.
  8416 | D:8      | Noticed a +0 war axe of chaos
  8430 | D:8      | Found a staircase to the Lair.
  8477 | D:8      | Killed a death yak
  8477 | D:8      | Reached **** piety under Dithmenos
  8477 | D:8      | Killed a death yak
  8488 | D:8      | Killed a death yak
  8518 | D:8      | Killed a death yak
  8531 | D:8      | Killed a death yak
  8688 | D:8      | Found an ornate altar of the Wu Jian Council.
  9070 | D:9      | Noticed a two-headed ogre
  9078 | D:9      | Killed a two-headed ogre
  9158 | D:9      | Noticed a two-headed ogre
  9160 | D:9      | Noticed a gargoyle
  9167 | D:9      | Killed a two-headed ogre
  9167 | D:9      | Gained mutation: You are completely covered in sharp
                  | spines. [demonic ancestry]
  9167 | D:9      | Reached XP level 11. HP: 57/89 MP: 14/14
  9430 | D:9      | Reached ***** piety under Dithmenos
  9435 | D:9      | Found a staircase to the Orcish Mines.
  9438 | D:9      | Reached skill level 5 in Invocations
  9667 | D:9      | Got a pitted quarterstaff
  9668 | D:9      | Identified the +9 quarterstaff "Sonte" {pain, rPois Int+2}
                  | (You found it on level 9 of the Dungeon)
  9907 | D:9      | Got a pitted war axe
 10355 | D:10     | Noticed a two-headed ogre
 10361 | D:10     | Killed a two-headed ogre
 10908 | D:11     | Noticed a green ugly thing
 10912 | D:11     | Killed a green ugly thing
 10947 | D:11     | Found a sparkling altar of Nemelex Xobeh.
 10965 | D:11     | Found Luguowuu's Gadget Shoppe.
 10984 | D:11     | Got a shimmering rapier
 11036 | D:11     | Noticed a brown ugly thing
 11045 | D:11     | Killed a brown ugly thing
 11566 | D:12     | Found a frozen archway.
 11593 | D:12     | Reached ****** piety under Dithmenos
 11658 | D:12     | Noticed an orc knight
 11671 | D:12     | Slain by an orc knight

Skill      XL: |  1  2  3  4  5  6  7  8  9 10 11 |
---------------+----------------------------------+-----
Dodging        | 3 4 5 6 7 8 |  8.9
Armour         | 1 2 3 4 5 6 7 8 |  8.3
Fighting       | 4 5 6 7 8 9 |  9.6
Long Blades    | 4 6 8 9 |  9.8
Invocations    | 4 6 |  6.8
Stealth        | |  1.7

Action                   |  1- 3 |  4- 6 |  7- 9 | 10-12 || total
-------------------------+-------+-------+-------+-------++-------
Melee: Falchion          |   109 |   111 |     2 |       ||   222
       Long sword        |       |       |   257 |   243 ||   500
       Quarterstaff      |       |       |       |   116 ||   116
  Use: Potion            |     3 |       |       |       ||     3
       Scroll            |       |       |    12 |     2 ||    14
 Stab: Sleeping          |    13 |     2 |       |       ||    15
       Distracted        |       |     1 |       |     1 ||     2
  Eat: Chunk             |     3 |     3 |    11 |    16 ||    33
       Ration            |       |     1 |       |     1 ||     2
Armor: Robe              |    25 |     8 |       |       ||    33
       Chain mail        |       |    35 |   159 |   125 ||   319
Dodge: Dodged            |    96 |    73 |   139 |   213 ||   521
       Rpst.: Falchion   |    35 |    22 |       |       ||    57
       Long sword        |       |       |    34 |    44 ||    78
